 Dungeon Crawl Stone Soup version 0.24.0-13-gcf9b3192b9 (console) character file.

Game seed: 11817791145858949342, levelgen mode: deterministic

45 jt the Ruffian (level 3, -2/26 HPs)
             Began as a Ghoul Enchanter on Nov 10, 2019.
             Slain by a hobgoblin (5 damage)
             ... on level 2 of the Dungeon.
             The game lasted 00:03:02 (1564 turns).

jt the Ruffian (Ghoul Enchanter)                    Turns: 1564, Time: 00:03:03

Health: -2/26      AC:  2    Str: 12    XL:     3   Next: 64%
Magic:  4/4        EV: 12    Int: 10    God:
Gold:   45         SH:  0    Dex:  9    Spells: 4/5 levels left

rFire    . . .     SeeInvis .   a - +1 dagger
rCold    + . .     Gourm    .   (no shield)
rNeg     + + +     Faith    .   b - +0 robe
rPois    ∞         Spirit   .   (no helmet)
rElec    .         Reflect  .   (no cloak)
rCorr    .         Harm     .   (no gloves)
MR       .....                  (no boots)
Stlth    ++........             (no amulet)
HPRegen  0.00/turn              (no ring)
MPRegen  0.09/turn              (no ring)

@: rotting
A: rotting body, claws 1, carnivore, cold resistance 1, negative energy
resistance 3, inhibited regeneration, torment resistance, unbreathing
a: no special abilities


You were on level 2 of the Dungeon.
You were not hungry.

You visited 1 branch of the dungeon, and saw 2 of its levels.

You collected 45 gold pieces.

Inventory:

Hand Weapons
 a - a +1 dagger (weapon)
 l - a +0 hunting sling
Missiles
 c - 66 stones (quivered)
 f - 32 bolts
 k - 18 arrows
 o - 9 poisoned darts
Armour
 b - a +0 robe (worn)
 i - a +0 ring mail
 m - a cursed +0 robe
Scrolls
 h - a scroll of identify
Potions
 e - a potion of cancellation
 j - a potion of degeneration
Comestibles
 d - 6 rations


   Skills:
 - Level 0.8 Short Blades
 - Level 1.7 Dodging
 - Level 3.2 Stealth
 + Level 3.5 Unarmed Combat
 - Level 1.7 Spellcasting
 - Level 2.4 Hexes


You had 4 spell levels left.
You knew the following spells:

 Your Spells              Type           Power        Failure   Level  Hunger
a - Corona                Hex            #......      12%         1    ##.....

Your spell library contained the following spells:

 Spells                   Type           Power        Failure   Level  Hunger
 Ensorcelled Hibernation  Hex/Ice        #.....       30%         2    ###....
 Confuse                  Hex            #.......     34%         3    ####...
 Tukima's Dance           Hex            #.......     34%         3    ####...
 Dazzling Spray           Conj/Hex       #.....       52%         3    ####...


Dungeon Overview and Level Annotations

Branches:
Dungeon (2/15)

Altars:
Cheibriados


Innate Abilities, Weirdness & Mutations

Your body is rotting away.
You thrive on raw meat.
You are immune to poison.
You have sharp fingernails.
You are carnivorous and can eat meat at any time.
Your flesh is cold resistant. (rC+)
You are immune to negative energy. (rN+++)
You do not regenerate when monsters are visible.
You are immune to unholy pain and torment.
You can survive without breathing.


Message History

The adder is lightly wounded.
The adder bites you.
* * * LOW HITPOINT WARNING * * *
The hobgoblin closely misses you. The adder closely misses you.
Okay, then.
Eat a chunk of flesh? (ye/n/q)
You eat the chunk of flesh.
This raw flesh tastes great!
The adder closely misses you.
Press: ? - help, v - describe, . - travel
Here: a hobgoblin The floor.
As you read the scroll labeled ISYM MOHEOQ, it crumbles to dust.
It is a scroll of identify.
j - a potion of degeneration The hobgoblin misses you.
The adder closely misses you.
As you read the scroll labeled CAVER JIEKYSO, it crumbles to dust.
You feel blessed for a moment.
It was a scroll of remove curse.
The adder completely misses you. The hobgoblin hits you.
You die...

............#..###...####
............#......$....
#....._...%.##.........
#......................
#.........####.........
#....................#.
#.$.w..................
#....gS...###..........
#.....@...#............
##.....................
##........#######..#..
####.....# ##..#..
##.......#####..>...
#...#..........##.##
#.........#...###...
#...#.###.#.#.......
#...# ..#...##.#....


You could see a worm, an adder and a hobgoblin.

Vanquished Creatures
  An adder (D:2)
  An ooze (D:2)
  A ball python (D:2)
  4 giant cockroaches
  A goblin (D:1)
  5 hobgoblins
  4 jackals (D:1)
  4 kobolds
  2 bats (D:1)
  2 frilled lizards (D:1)
  5 rats
30 creatures vanquished.

Vanquished Creatures (others)
  14 toadstools (D:2)
14 creatures vanquished.

Grand Total: 44 creatures vanquished

Notes
Turn   | Place    | Note
-------+----------+-------------------------------------------
     0 | D:1      | jt the Ghoul Enchanter began the quest for the Orb.
     0 | D:1      | Reached XP level 1. HP: 14/14 MP: 2/2
   194 | D:1      | Reached skill level 1 in Unarmed Combat
   307 | D:1      | Reached XP level 2. HP: 17/20 MP: 3/3
  1153 | D:1      | Reached XP level 3. HP: 24/26 MP: 4/4
  1537 | D:2      | Found a snail-covered altar of Cheibriados.
  1559 | D:2      | HP: 1/26 [adder (4)]
  1564 | D:2      | Slain by a hobgoblin

Levels and vault maps discovered:
D:1:      mushboom_english_gardens, layout_basic
D:2:      layout_rooms, tgw_fedhas, overflow_temple_1_default,
          okawaru_gym_becter, first_ration, kennysheep_donut

Skill      XL: |  1  2  3 |
---------------+----------+-----
Unarmed Combat | 1 2 3 |  3.5
Short Blades   | |  0.8
Dodging        | |  1.7
Stealth        | |  3.2
Spellcasting   | |  1.7
Hexes          | |  2.4

Action                   || total
-------------------------++-------
Melee: Dagger            ||   158
       Punch             ||     1
Throw: Stone             ||     1
  Use: Potion            ||     2
       Scroll            ||     2
 Stab: Sleeping          ||     4
  Eat: Chunk             ||    25
Armor: Robe              ||    37
Dodge: Dodged            ||   109
